 Dungeon Sprint DCSS version 0.21.1-1-g345015f (webtiles) character file.

1375 Fang the Cleaver (level 8, -4/90 HPs)
             Began as a Gargoyle Berserker on July 8, 2018.
             Was a High Priest of Trog.
             Slain by a freezing wraith (23 damage)
             ... in the Dungeon (Sprint VII: "The Pits").
             The game lasted 00:02:46 (1029 turns).

Fang the Cleaver (Gargoyle Berserker)               Turns: 1029, Time: 00:02:47

Health: -4/90      AC:  8    Str: 29    XL:     8   Next: 66%
Magic:  8/8        EV: 14    Int:  7    God:    Trog [*****.]
Gold:   0          SH:  0    Dex:  9    Spells: 7/7 levels left

rFire    . . .     SeeInvis .   m - +1 hand axe (chop)
rCold    . . .     Gourm    .   (no shield)
rNeg     + . .     Faith    .   b - +0 animal skin
rPois    ∞         Spirit   .   (no helmet)
rElec    +         Reflect  .   (no cloak)
rCorr    .         Harm     .   (no gloves)
MR       .....     NoTele   +   (no boots)
Stlth    ..........             (no amulet)
HPRegen  0.25/turn              (no ring)
MPRegen  0.11/turn              (no ring)

@: berserking, slowed
A: negative energy resistance 1, electricity resistance, unbreathing,
petrification resistance, rot immunity, AC +5
a: Berserk, Trog's Hand, Brothers in Arms, Burn Spellbooks, Renounce Religion


You were in the Dungeon.
You worshipped Trog.
Trog was extremely pleased with you.
You were hungry.

You visited 1 branch

Inventory:

Hand Weapons
 j - a +2 hand axe
 m - a +1 hand axe of chopping (weapon)
Armour
 b - a +0 animal skin (worn)
Scrolls
 i - a scroll of blinking
 k - 3 scrolls of remove curse
 l - a scroll of summoning
Potions
 a - 2 potions of invisibility
 d - 5 potions of curing
 e - 5 potions of heal wounds
 f - a potion of haste
 g - 4 potions of magic
 h - 3 potions of berserk rage
Comestibles
 c - 8 rations
 n - 9 chunks of flesh


   Skills:
 + Level 11.0 Fighting
 + Level 11.9 Axes
 + Level 5.3 Armour
 + Level 6.3 Dodging
 + Level 4.9 Stealth


You had 7 spell levels left.
You didn't know any spells.

Dungeon Overview and Level Annotations

Branches:
Dungeon (1/1)

Altars:
Cheibriados
Dithmenos
Elyvilon
Fedhas
Gozag
Hepliaklqana
Makhleb
Nemelex Xobeh
Okawaru
Qazlal
Ru
Sif Muna
Trog
Vehumet
Wu Jian
Xom
Yredelemnul
Zin
The Shining One
Beogh
Jiyva
Lugonu


Innate Abilities, Weirdness & Mutations

You are resistant to torment.
Your stone body is resilient. (AC +5)
You are immune to poison.
You resist negative energy. (rN+)
You are resistant to electric shocks. (rElec)
You can survive without breathing.
You are immune to petrification.
You are immune to rotting.


Message History

Unknown command.
You slash the freezing wraith!
The freezing wraith is moderately damaged.
You closely miss the freezing wraith.
The freezing wraith is moderately damaged.
You closely miss the freezing wraith.
The freezing wraith is moderately damaged.
The freezing wraith barely misses you. The freezing wraith hits you.
The freezing wraith drains your vigour!
You feel yourself slow down.
You barely miss the freezing wraith.
The freezing wraith is moderately damaged.
The freezing wraith closely misses you. The freezing wraith barely misses you.
You closely miss the freezing wraith.
The freezing wraith is moderately damaged.
You slash the freezing wraith!
The freezing wraith is heavily damaged.
The freezing wraith hits you!
* * * LOW HITPOINT WARNING * * *
The freezing wraith freezes you!!
You die...

#.#####'#####...<...#
#.#...).)[.##.......#
#.#...)))[.##.......#
#'###########.......#
#.÷..)..#.. #########
#)###)..#.# ###
#.#..)..#.# ...#
#.#...#.#)#....#
#.....#.#@Wr...+
#...###.#'#....#
#.......'.#....#
########### ####


You could see a freezing wraith and a rat.

Vanquished Creatures
  A black mamba (D)
  A polar bear (D)
  A fire bat (D)
  2 ice beasts (D)
  A black bear (D)
  A necrophage (D)
  Blork the orc (D)
  4 wights (D)
  A crimson imp (D)
  A jelly (D)
  A mummy (D)
  An adder (D)
  A river rat (D)
  An ooze (D)
  An adder skeleton (D)
  A ball python (D)
  A giant cockroach (D)
  A hobgoblin (D)
  2 jackals (D)
  A quokka (D)
  A bat (D)
  A rat (D)
27 creatures vanquished.

Notes
Turn   | Place    | Note
-------+----------+-------------------------------------------
     0 | D        | Fang the Gargoyle Berserker began the quest for the Orb.
     0 | D        | Reached XP level 1. HP: 14/14 MP: 1/1
    20 | D        | Found a bloodstained altar of Trog.
    20 | D        | Found a deep blue altar of Sif Muna.
    20 | D        | Found a viscous altar of Jiyva.
    20 | D        | Found a hazy altar of Hepliaklqana.
    20 | D        | Found an opulent altar of Gozag.
    21 | D        | Found a glowing golden altar of the Shining One.
    21 | D        | Found a glowing silver altar of Zin.
    21 | D        | Found a basalt altar of Yredelemnul.
    21 | D        | Found a shimmering altar of Xom.
    21 | D        | Found an ornate altar of the Wu Jian Council.
    21 | D        | Found a sacrificial altar of Ru.
    21 | D        | Found a stormy altar of Qazlal.
    21 | D        | Found an iron altar of Okawaru.
    21 | D        | Found a sparkling altar of Nemelex Xobeh.
    21 | D        | Found a burning altar of Makhleb.
    21 | D        | Found a blossoming altar of Fedhas.
    21 | D        | Found a white marble altar of Elyvilon.
    21 | D        | Found a shadowy altar of Dithmenos.
    21 | D        | Found a snail-covered altar of Cheibriados.
    23 | D        | Found a radiant altar of Vehumet.
    23 | D        | Found a corrupted altar of Lugonu.
    23 | D        | Found a roughly hewn altar of Beogh.
    68 | D        | Reached ** piety under Trog
    83 | D        | Reached XP level 2. HP: 3/20 MP: 2/2
    83 | D        | Reached XP level 3. HP: 4/25 MP: 3/3
   343 | D        | Noticed a black bear
   349 | D        | Reached *** piety under Trog
   349 | D        | Reached skill level 5 in Fighting
   352 | D        | Killed a black bear
   352 | D        | Reached skill level 1 in Stealth
   352 | D        | Reached XP level 4. HP: 32/32 MP: 4/4
   353 | D        | Reached **** piety under Trog
   353 | D        | Reached XP level 5. HP: 37/37 MP: 5/5
   530 | D        | Noticed a necrophage
   543 | D        | Killed a necrophage
   543 | D        | Reached XP level 6. HP: 38/44 MP: 6/6
   562 | D        | Reached ***** piety under Trog
   682 | D        | Received a gift from Trog
   688 | D        | Reached skill level 5 in Armour
   708 | D        | Noticed a fire bat
   818 | D        | Killed a fire bat
   818 | D        | Reached skill level 5 in Dodging
   818 | D        | Reached XP level 7. HP: 51/51 MP: 7/7
   876 | D        | Reached skill level 10 in Axes
   897 | D        | Noticed a polar bear
   902 | D        | Killed a polar bear
   902 | D        | Reached skill level 10 in Fighting
   950 | D        | Noticed Blork the orc
   957 | D        | Killed Blork the orc
   957 | D        | Reached XP level 8. HP: 58/58 MP: 8/8
  1015 | D        | Noticed a freezing wraith
  1015 | D        | Noticed a black mamba
  1023 | D        | Killed a black mamba
  1029 | D        | Slain by a freezing wraith

Skill      XL: |  1  2  3  4  5  6  7  8 |
---------------+-------------------------+-----
Axes           | 3 4 6 8 9 10 11 | 11.9
Fighting       | 4 6 8 9 10 11 | 11.0
Dodging        | 2 3 4 5 6 |  6.3
Armour         | 3 4 5 |  5.3
Stealth        | 1 2 3 4 |  4.9

Action                   |  1- 3 |  4- 6 |  7- 9 || total
-------------------------+-------+-------+-------++-------
Melee: Hand axe          |    19 |    28 |    29 ||    76
Invok: Berserk           |     2 |     3 |     3 ||     8
  Use: Potion            |       |     2 |       ||     2
 Stab: Sleeping          |     1 |       |     1 ||     2
  Eat: Chunk             |       |     3 |     1 ||     4
       Ration            |       |       |     1 ||     1
Armor: Animal skin       |    16 |     2 |     6 ||    24
Dodge: Dodged            |    19 |    20 |     9 ||    48
